 Dungeon Sprint DCSS version 0.31.0 (webtiles) character file.

Game seed: 6849744402312157008

37 thiscave3701365 the Ruffian (level 3, -3/36 HPs)
             Began as a Gnoll Berserker on Jan 18, 2024.
             Was a Follower of Trog.
             Slain by a merfolk
             ... wielding a +0 trident
              (7 damage)
             ... in the Dungeon (Sprint V: "Ziggurat Sprint") on Jan 19, 2024.
             The game lasted 00:05:07 (154 turns).

thiscave3701365 the Ruffian (Gnoll Berserker)        Turns: 154, Time: 00:05:07

Health: -3/36      AC: 18    Str: 30    XL:     3   Next: 41%
Magic:  7/7        EV:  4    Int:  6    God:    Trog [*.....]
Gold:   0          SH: 14    Dex: 11    Spells: 7/7 levels left

rFire   . . .        J - +9 sword of Zonguldrok {reap}
rCold   . . .        L - +3 tower shield
rNeg    . . .        h - +5 crystal plate armour
rPois   .            (no helmet)
rElec   .            (no cloak)
rCorr   .            (no gloves)
SInv    .            (no boots)
Will    .....        (no amulet) Stlth
                     m - +6 ring of strength
HPRegen 0.26/turn    n - +6 ring of strength
MPRegen 0.10/turn

%: no teleportation
@: corroded
A: fangs 1, strong nose, distributed training
a: Renounce Religion, Berserk


You were in the Dungeon.
You worshipped Trog.
Trog was aware of your devotion.
You visited 1 branch

Inventory:

Hand Weapons
 w - the +10 dark maul {heavy}
   (You found it in the Dungeon)
 y - the +27 heavy crossbow "Sniper" {heavy, Acc+∞ SInv}
   (You found it in the Dungeon)

   Acc+∞: It never misses its target.
   SInv:      It lets you see invisible.
 z - the +16 obsidian axe {drain, demonic, Mesm ^Drain Fly SInv}
   (You found it in the Dungeon)

   Mesm:      Its wielder is mesmerised by any visible foes, and it cannot be
   unequipped while any foes are visible.
   SInv:      It lets you see invisible.
   Fly:       It grants you flight.
   ^Drain:    It drains your maximum health when unequipped.
 A - the +11 Singing Sword {sonic wave}
   (You found it in the Dungeon)
 B - the +7 great mace "Firestarter" {flame, immolate, rFlCloud rF++}
   (You found it in the Dungeon)

   rFlCloud:  It grants immunity to clouds of flame.
   rF++:      It greatly protects you from fire.
 C - the +8 lance "Wyrmbane" {slay drac, rPois rF+ rC+ AC+3}
   (You found it in the Dungeon)

   AC+3:      It affects your AC (+3).
   rF+:       It protects you from fire.
   rC+:       It protects you from cold.
   rPois:     It protects you from poison
 D - the +7 mace of Variability {chaos, chaos arc}
   (You found it in the Dungeon)
 E - the +11 plutonium sword {^Contam Stlth-}
   (You found it in the Dungeon)

   ^Contam:   It causes magical contamination when unequipped.
   Stlth-:    It makes you less stealthy.
 F - the +13 scythe of Curses {drain, curses, ^Drain}
   (You found it in the Dungeon)

   ^Drain:    It drains your maximum health when unequipped.
 G - the +6 shillelagh "Devastator" {shatter}
   (You found it in the Dungeon)
 H - the +8 storm bow {elec, penet}
   (You found it in the Dungeon)
 I - the +9 sword of Power {lifebolt}
   (You found it in the Dungeon)
 J - the +9 sword of Zonguldrok (weapon) {reap}
   (You found it in the Dungeon)
 K - a +5 executioner's axe
 M - a +5 bardiche
 N - a +5 demon trident
 O - a +5 demon whip
 P - a +5 great mace
 Q - a +5 triple sword
 R - a +5 demon blade
Armour
 h - a +5 crystal plate armour (worn)
 L - a +3 tower shield (worn)
Jewellery
 a - a ring of flight
 m - a +6 ring of strength (left hand)
 n - a +6 ring of strength (right hand)
Talismans
 i - a beast talisman
 j - a blade talisman
 k - a maw talisman
 l - a serpent talisman
Wands
 o - a wand of mindburst (7)
 p - a wand of iceblast (7)
 q - a wand of light (7)
Scrolls
 g - 4 scrolls of blinking
 r - 7 scrolls of fog
 s - 5 scrolls of identify
 t - 2 scrolls of fear
Potions
 b - 10 potions of curing
 c - 10 potions of heal wounds
 d - 6 potions of haste
 e - 7 potions of magic
 f - 3 potions of berserk rage
 u - 2 potions of invisibility
 v - 4 potions of resistance
 x - 5 potions of might


   Skills:
 + Level 7.2 Fighting
 + Level 2.9 Short Blades
 + Level 2.9 Long Blades
 + Level 2.9 Axes
 + Level 2.9 Maces & Flails
 + Level 2.9 Polearms
 + Level 2.9 Staves
 + Level 2.9 Ranged Weapons
 + Level 2.9 Throwing
 + Level 5.4 Armour
 + Level 5.4 Dodging
 + Level 2.9 Stealth
 + Level 2.9 Shields
 + Level 7.2 Unarmed Combat
 + Level 2.9 Spellcasting
 + Level 2.3 Conjurations
 + Level 2.3 Hexes
 + Level 2.3 Summonings
 + Level 2.3 Necromancy
 + Level 2.3 Translocations
 + Level 2.3 Fire Magic
 + Level 2.3 Ice Magic
 + Level 2.3 Air Magic
 + Level 2.3 Earth Magic
 + Level 2.3 Alchemy
 + Level 3.2 Invocations
 + Level 2.9 Evocations
 + Level 2.6 Shapeshifting


You had 7 spell levels left.
You didn't know any spells.
Your spell library was empty.

Dungeon Overview and Level Annotations

Branches:
Dungeon (1/1)

Altars:
Ashenzari
Cheibriados
Dithmenos
Elyvilon
Fedhas
Gozag
Hepliaklqana
Kikubaaqudgha
Makhleb
Nemelex Xobeh
Okawaru
Qazlal
Ru
Sif Muna
Trog
Uskayaw
Vehumet
Wu Jian
Xom
Yredelemnul
Zin
The Shining One
Jiyva
Lugonu

Annotations:
D 1 transporter


Innate Abilities, Weirdness & Mutations

You have very sharp teeth.
Your uncanny sense of smell can sniff out nearby items.
Your experience applies equally to all skills.


Message History

You are too injured to fight recklessly!
You slash the jelly!
You kill the jelly!
Trog accepts your kill.
The endoplasm hits you but does no damage.
Your Invocations skill increases to level 3!
You have reached level 3!
Your experience leads to an increase in your attributes!
Your base attributes are Str 16, Int 6, Dex 11.
Increase (S)trength, (I)ntelligence, or (D)exterity?
You feel stronger. x2
Unknown command.
Unknown command.
You hit the endoplasm.
The endoplasm is almost dead.
The endoplasm freezes you.
You are frozen.
You block the endoplasm's attack.
Unknown command.
Unknown command.
You slash the endoplasm!
You kill the endoplasm!
Trog accepts your kill.
The dead are walking!
Unknown command.
Unknown command.
Unknown command.
There is a transporter here.
Welcome to arena 2.
You enter the transporter and appear at another place. 3 merfolk come into view.
The merfolk shouts!
The merfolk throws a boomerang.
You block the boomerang.
Found three items.
Found a transporter.
You can't wield that with only one hand.
Nothing quivered!
Your endoplasm zombie hits the merfolk but does no damage.
The merfolk hits you with a +0 trident!
* * * LOW HITPOINT WARNING * * *
The merfolk hits you with a +0 trident!
You die...

▓▓▓▓▓▓▓▓▓▓▓▓▓
▓.8©8.▓.8©8.▓
∆∆∆
▓.[[=.▓.....▓
∆
▓.....▓.).).▓
▓.m...▓.....▓
▓.Zmm.▓.....▓
▓..@..▓..©..▓
▓..©..▓▓▓▓▓▓▓
▓▓▓▓▓▓▓ ∆∆∆
∆∆∆ ∆ ∆ ∆


You could see 3 merfolk and a friendly endoplasm zombie.

Vanquished Creatures
  A jelly (D)
  An endoplasm (D)
2 creatures vanquished.

Notes
Turn   | Place    | Note
-------+----------+-------------------------------------------
     0 | D        | thiscave3701365 the Gnoll Berserker began the quest for the
                  | Orb.
     0 | D        | Reached XP level 1. HP: 23/23 MP: 1/1
    14 | D        | Found a blossoming altar of Fedhas.
    14 | D        | Found the +6 Majin-Bo {spellvamp, MP+6 Int+6}
    14 | D        | Found the +27 heavy crossbow "Sniper" {heavy, Acc+∞ SInv}
    14 | D        | Found the +10 dark maul {heavy}
    14 | D        | Found the +15 Maxwell's patent armour {-Cast -Tele rElec
                  | Will+ rCorr}
    14 | D        | Found the +18 shield of the Gong {Loud rN+ Will+ rCorr
                  | EV-5}
    14 | D        | Found the +16 obsidian axe {drain, demonic, Mesm ^Drain Fly
                  | SInv}
    14 | D        | Found the +7 great mace "Firestarter" {flame, immolate,
                  | rFlCloud rF++}
    14 | D        | Found the +6 shillelagh "Devastator" {shatter}
    14 | D        | Found the +11 plutonium sword {^Contam Stlth-}
    14 | D        | Found the +8 lance "Wyrmbane" {slay drac, rPois rF+ rC+
                  | AC+3}
    14 | D        | Found the +9 sword of Zonguldrok {reap}
    14 | D        | Found the +13 scythe of Curses {drain, curses, ^Drain}
    14 | D        | Found the +9 sword of Power {lifebolt}
    14 | D        | Found the +7 mace of Variability {chaos, chaos arc}
    14 | D        | Found the +11 Singing Sword {sonic wave}
    14 | D        | Found the +8 storm bow {elec, penet}
    15 | D        | Found a viscous altar of Jiyva.
    15 | D        | Found a hazy altar of Hepliaklqana.
    15 | D        | Found a transporter.
    15 | D        | Found an opulent altar of Gozag.
    15 | D        | Found an ancient bone altar of Kikubaaqudgha.
    15 | D        | Found a corrupted altar of Lugonu.
    21 | D        | Found a burning altar of Makhleb.
    22 | D        | Found an iron altar of Okawaru.
    22 | D        | Found a stormy altar of Qazlal.
    22 | D        | Found a sparkling altar of Nemelex Xobeh.
    22 | D        | Found a sacrificial altar of Ru.
    22 | D        | Found a shimmering blue altar of Sif Muna.
    26 | D        | Found a bloodstained altar of Trog.
    60 | D        | Reached skill level 5 in Armour
    60 | D        | Reached skill level 5 in Dodging
    60 | D        | Reached XP level 2. HP: 31/31 MP: 1/5
   137 | D        | Upgraded the game from 0.31-b1-22-gc680215f68 to 0.31.0
   141 | D        | Entered arena 2.
   141 | D        | Found a transporter.
   145 | D        | Reached XP level 3. HP: 18/36 MP: 7/7
   151 | D        | Entered arena 3.
   151 | D        | Noticed a merfolk
   151 | D        | Noticed a merfolk
   151 | D        | Noticed a merfolk
   151 | D        | Found a transporter.
   154 | D        | Slain by a merfolk

Illustrated notes

Levels and vault maps discovered:
D:        sprint_v [room_start, room_1, room_2, room_3, room_4, room_5, room_6,
          room_7, room_8, room_9, room_10, room_11, room_12, room_13, room_14,
          room_15, room_16, room_17, room_18, room_19, room_20, room_21,
          room_22, room_23, room_24, room_25, room_26, room_27]

Skill      XL: |  1  2 |
---------------+-------+-----
Fighting       | 7 |  7.2
Short Blades   | 2 |  2.9
Long Blades    | 2 |  2.9
Axes           | 2 |  2.9
Maces & Flails | 2 |  2.9
Polearms       | 2 |  2.9
Staves         | 2 |  2.9
Ranged Weapons | 2 |  2.9
Throwing       | 2 |  2.9
Armour         | 5 |  5.4
Dodging        | 5 |  5.4
Stealth        | 2 |  2.9
Shields        | 2 |  2.9
Unarmed Combat | 7 |  7.2
Spellcasting   | 2 |  2.9
Conjurations   | 2 |  2.3
Hexes          | 2 |  2.3
Summonings     | 2 |  2.3
Necromancy     | 2 |  2.3
Translocations | 2 |  2.3
Fire Magic     | 2 |  2.3
Ice Magic      | 2 |  2.3
Air Magic      | 2 |  2.3
Earth Magic    | 2 |  2.3
Alchemy        | 2 |  2.3
Invocations    | 2 3 |  3.2
Evocations     | 2 |  2.9
Shapeshifting  | 2 |  2.6

Action                     || total
---------------------------++-------
  Melee: Double sword      ||     4
    Use: Potion            ||     1
 Armour: Crystal plate arm ||     7
  Block: Tower shield      ||     3
